 Seeded DCSS version 0.28-a0-1286-g6bde065e89 (webtiles) character file.

Game seed: 4200142385990743409 (custom seed)

329 croobank the Sneak (level 6, -1/36 HPs)
             Began as an Octopode Conjurer on Dec 26, 2021.
             Was an Initiate of Vehumet.
             Slain by Eustachio (10 damage)
             ... on level 4 of the Dungeon.
             The game lasted 00:32:20 (4507 turns).

croobank the Sneak (Octopode Conjurer)              Turns: 4507, Time: 00:32:21

Health: -1/36      AC:  1    Str: 14    XL:     6   Next: 50%
Magic:  1/11       EV: 18    Int: 19    God:    Vehumet [......]
Gold:   102        SH:  0    Dex: 17    Spells: 2/11 levels left

rFire   . . .      SeeInvis .   m - +0 flail
rCold   . . .      Faith    .   (no shield)
rNeg    + + .      Spirit   .   (helmet restricted)
rPois   .          Reflect  .   (no amulet)
rElec   +          Harm     .   i - ring "Zabbefij" {rElec rN++ Str+6 Dex+4}
rCorr   .          Rampage  .   e - ring "Xinollor" {Will+ EV+4 Int-2 Dex+3}
Will    +....                   (no ring)
Stlth   ++++......              (no ring)
HPRegen 0.12/turn               (no ring)
MPRegen 0.12/turn               (no ring)
                                (no ring)
                                (no ring)

@: brilliant
A: almost no armour, amphibious, 8 rings, camouflage 1, gelatinous body 1,
(nimble swimmer 1), tentacles
a: Renounce Religion


You were on level 4 of the Dungeon.
You worshipped Vehumet.
Vehumet was noncommittal.
You visited 1 branch of the dungeon, and saw 5 of its levels.

You collected 102 gold pieces.

Inventory:

Hand Weapons
 c - a +0 short sword
 f - a +0 mace
 h - a +0 rapier
 l - a +0 spear
 m - a +0 flail (weapon)
 y - a +1 dagger of venom
 A - a +0 whip of venom
Missiles
 b - 39 arrows
 d - 44 stones
 x - 16 sling bullets
Magical Staves
 k - a staff of air
Jewellery
 e - the ring "Xinollor" (right tentacle) {Will+ EV+4 Int-2 Dex+3}
   (You acquired it on level 2 of the Dungeon)

   [ring of evasion]

   EV:        It affects your evasion (+4).
   Int:       It affects your intelligence (-2).
   Dex:       It affects your dexterity (+3).
   Will:      It increases your willpower.
 i - the ring "Zabbefij" (left tentacle) {rElec rN++ Str+6 Dex+4}
   (You acquired it on level 2 of the Dungeon)

   [ring of strength]

   Str:       It affects your strength (+6).
   Dex:       It affects your dexterity (+4).
   rElec:     It insulates you from electricity.
   rN:        It greatly protects you from negative energy.
Scrolls
 a - 3 scrolls of identify {identify, unknown}
 g - a scroll of enchant weapon {enchant weapon, unknown}
 n - a scroll of fog {fog, unknown}
 o - a scroll of torment {torment, unknown}
 p - a scroll of enchant armour {enchant armour, unknown}
 t - a scroll of amnesia {amnesia, unknown}
 u - a scroll of immolation {immolation, unknown}
 v - a scroll of teleportation {teleportation, unknown}
Potions
 j - a potion of ambrosia {ambrosia, unknown}
 r - a potion of brilliance {brilliance}
 s - a potion of attraction {attraction, unknown}
 w - a potion of degeneration {degeneration, unknown}
 z - a potion of resistance {resistance, unknown}


   Skills:
 + Level 3.7 Dodging
 + Level 5.3 Stealth
 + Level 3.4 Spellcasting
 + Level 5.1 Conjurations


You had 2 spell levels left.
You knew the following spells:

 Your Spells              Type           Power      Damage    Failure   Level
a - Magic Dart            Conj           100%       1d8       1%          1
b - Searing Ray           Conj           68%        2d6       2%          2
c - Dazzling Flash        Conj/Hex       38%        N/A       16%         3
d - Frozen Ramparts       Ice            8%         1d2       41%         3

Your spell library contained the following spells:

 Spells                   Type           Power      Damage    Failure   Level
 Fulminant Prism          Conj/Hex       9%         3d7       45%         4
 Iskenderun's Mystic Bla  Conj/Tloc      19%        2d6       45%         4
 Ice Form                 Ice/Tmut       4%         N/A       82%         4
 Summon Ice Beast         Ice/Summ       4%         N/A       82%         4


Dungeon Overview and Level Annotations

Branches:
Dungeon (5/15)
 Temple: D:4-7

Altars:
Vehumet

Annotations:
D:4 Eustachio


Innate Abilities, Weirdness & Mutations

You cannot wear most types of armour.
You are amphibious.
You can wear up to eight rings at the same time.
Your skin changes colour to match your surroundings (Stealth+).
Your rubbery body absorbs attacks. (AC +1, EV +1)
((You are camouflaged when in or above water. (Stealth+)))
You have tentacles for arms and can constrict up to eight enemies at once.


Message History

The searing ray hits the river rat!
The river rat is heavily wounded.
The river rat bites you!
The searing ray hits the river rat!
You kill the river rat!
The river rat's corpse disappears in a puff of smoke!
The searing ray hits Eustachio.
Eustachio is lightly wounded.
Eustachio hits you with a +0 falchion of electrocution!
The searing ray misses Eustachio.
You finish channelling your searing ray.
Eustachio completely misses you. Eustachio barely misses you.
Eustachio closely misses you. Eustachio misses you.
Casting: Searing Ray (safe; 2% risk of failure)
Confirm with . or Enter, or press ? or * to list all spells.
Aiming: Searing Ray (safe; 2% risk of failure)
Press: ? - help, Shift-Dir - straight line, f - Eustachio
Aim: Eustachio, wielding a +0 falchion of electrocution and wearing a +0 leather armour (lightly wounded, fast, 73% to hit)
You feel a surge of power!
The searing ray misses Eustachio. (Press . to maintain the ray.) Eustachio closely misses you. x2
The searing ray hits Eustachio.
Eustachio is moderately wounded.
Eustachio completely misses you.
The searing ray misses Eustachio.
Eustachio closely misses you.
Eustachio hits you with a +0 falchion of electrocution!
* * * LOW HITPOINT WARNING * * *
Casting: Searing Ray (safe; 2% risk of failure)
Confirm with . or Enter, or press ? or * to list all spells.
Aiming: Magic Dart (safe; 1% risk of failure)
Press: ? - help, Shift-Dir - straight line, f/p - Eustachio
Aim: Eustachio, wielding a +0 falchion of electrocution and wearing a +0 leather armour (moderately wounded, fast, 100% to hit)
You feel a surge of power!
The magic dart hits Eustachio.
Eustachio is moderately wounded.
Eustachio hits you with a +0 falchion of electrocution!
* * * LOW HITPOINT WARNING * * *
You feel better. Eustachio barely misses you.
Eustachio hits you with a +0 falchion of electrocution!
You die...

...#
..##.......#
#... ...##
..#.......# W
#..# ....###
..)........
..#...
......#
..r..g....
#.....
...##.###
##....>....
##).#.
#####...###
#..## ......
###...## #..#
.....# ###..#
#@# >.....
##.## #@#
.###.. #
#..####.#####
#.# #
##..........#
...# #
##.........#
..## #
#.........# #
# ##........#
# ##########


You could see Eustachio (fast) and a river rat (summoned).

Vanquished Creatures
  A black bear (D:4)
  A hound (D:5)
  A centaur skeleton (D:4)
  Jessica (D:2)
  4 gnolls (D:2)
  2 adders
  An adder skeleton (D:4)
  A worm (D:2)
  2 dart slugs
  3 orcs
  11 endoplasms
  4 giant cockroaches
  11 goblins
  6 hobgoblins
  4 jackals (D:2)
  6 kobolds
  3 quokkas
  2 ball pythons
  4 bats (D:1)
  4 frilled lizards
  5 rats
77 creatures vanquished.

Notes
Turn   | Place    | Note
-------+----------+-------------------------------------------
     0 | D:1      | croobank the Octopode Conjurer began the quest for the Orb.
     0 | D:1      | Reached XP level 1. HP: 11/11 MP: 3/3
    77 | D:1      | Found a faded altar of an unknown god.
   260 | D:1      | Reached XP level 2. HP: 17/17 MP: 1/5
  1123 | D:1      | Reached XP level 3. HP: 20/21 MP: 3/6
  1557 | D:2      | Identified 2 scrolls of acquirement
  1557 | D:2      | Acquired the ring "Zabbefij" {rElec rN++ Str+6 Dex+4}
  1559 | D:2      | Acquired the ring "Xinollor" {Will+ EV+4 Int-2 Dex+3}
  1585 | D:2      | Learned a level 2 spell: Searing Ray
  1589 | D:2      | Learned a level 3 spell: Dazzling Flash
  2022 | D:2      | Reached XP level 4. HP: 27/27 MP: 3/7
  2199 | D:2      | Noticed Jessica
  2205 | D:2      | Killed Jessica
  2460 | D:2      | Reached XP level 5. HP: 30/31 MP: 4/9
  3043 | D:4      | Noticed a black bear
  3232 | D:4      | Noticed a phantom
  3533 | D:4      | Noticed Eustachio
  3967 | D:4      | Found a radiant altar of Vehumet.
  4106 | D:4      | Became a worshipper of Vehumet
  4126 | D:4      | Learned a level 3 spell: Frozen Ramparts
  4140 | D:5      | Entered Level 5 of the Dungeon
  4240 | D:4      | Reached XP level 6. HP: 36/36 MP: 10/10
  4285 | D:4      | Killed a black bear
  4286 | D:4      | Reached skill level 5 in Stealth
  4286 | D:4      | Reached skill level 5 in Conjurations
  4507 | D:4      | Slain by Eustachio

Illustrated notes

Levels and vault maps discovered:
D:1:      dpeg_arrival_fog, layout_loops_ring, nicolae_ecumenical_lake_church,
          chequers_mini_garden
D:2:      layout_basic, uniq_jessica
D:3:      layout_basic, chequers_decorated_corner
D:4:      layout_rooms, vehumet_crystals, minmay_misc_feat_pillars,
          uniq_eustachio
D:5:      layout_cave_pods, serial_bayou_pond_c

Skill      XL: |  1  2  3  4  5  6 |
---------------+-------------------+-----
Stealth        | 3 4 5 |  5.3
Dodging        | 3 |  3.7
Spellcasting   | 3 |  3.4
Conjurations   | 5 |  5.1

Action                   |  1- 3 |  4- 6 || total
-------------------------+-------+-------++-------
Melee: Unarmed           |    29 |       ||    29
       Tentacles         |     8 |     6 ||    14
       Constrict         |     7 |     4 ||    11
       Rapier            |     3 |     4 ||     7
       Flail             |       |    13 ||    13
 Cast: Magic Dart        |    68 |    79 ||   147
       Searing Ray       |     2 |    10 ||    12
       Frozen Ramparts   |       |     1 ||     1
  Use: Scroll            |     2 |       ||     2
       Potion            |     1 |     3 ||     4
 Stab: Sleeping          |     1 |       ||     1
Armor: Skin              |     2 |     1 ||     3
Dodge: Dodged            |    22 |    40 ||    62

Table legend: (Time is in decaauts)
 A = Elapsed time spent in this place.
 B = Non-inter-level travel time spent in this place.
 C = Inter-level travel time spent in this place.
 D = Time resting spent in this place.
 E = Time spent auto-exploring this place.
 F = Levels seen in this place.
 G = Mean time per level.
                   A        B        C        D        E       F      G
               +--------+--------+--------+--------+--------+-----+--------+
         Total |   4516 |   4441 |     75 |   1024 |   2377 |   5 |  903.2 |
       Dungeon |   4516 |   4441 |     75 |   1024 |   2377 |   5 |  903.2 |
               +--------+--------+--------+--------+--------+-----+--------+

Top non-repeatable levels by time:
     D:1: 1609 daAuts
     D:2: 1346 daAuts
     D:3: 921 daAuts
     D:4: 580 daAuts
     D:5: 57 daAuts
